 Dungeon Crawl Stone Soup version 0.25.0-9-g26727b657a (webtiles) character file.

Game seed: 16831678988120596674

30842 mopl the Devastator (level 13, -4/102 HPs)
             Began as a Naga Conjurer on June 18, 2020.
             Was an Elder of Vehumet.
             Slain by a death yak (12 damage)
             ... on level 4 of the Lair of Beasts.
             The game lasted 00:41:28 (16952 turns).

mopl the Devastator (Naga Conjurer)                Turns: 16952, Time: 00:41:29

Health: -4/102     AC: 10    Str: 13    XL:     13   Next: 54%
Magic:  6/29       EV: 10    Int: 26    God:    Vehumet [****..]
Gold:   803        SH:  0    Dex: 12    Spells: 24/36 levels left

rFire    . . .     SeeInvis +   b - staff of conjuration
rCold    . . .     Gourm    .   (no shield)
rNeg     . . .     Faith    .   f - +2 robe "Akhuadem" {rF- Str+3 Int+5 SInv}
rPois    +         Spirit   .   (no helmet)
rElec    .         Reflect  .   (no cloak)
rCorr    .         Harm     .   v - +2 pair of gloves
MR       ++...                  (no barding)
Stlth    ++........             (no amulet)
HPRegen  0.27/turn              x - ring of protection from fire
MPRegen  0.21/turn              n - ring of protection from magic

@: very slow
A: large, see invisible, deformed body, poison resistance, slowness 2, slow
metabolism 1, spit poison 1, constrict 1, AC +4
a: Spit Poison, Renounce Religion


You were on level 4 of the Lair of Beasts.
You worshipped Vehumet.
Vehumet was greatly pleased with you.
You were not hungry.

You visited 3 branches of the dungeon, and saw 15 of its levels.
You also visited: Volcano.

You collected 1118 gold pieces.
You spent 315 gold pieces at shops.

Inventory:

Hand Weapons
 a - a +2 dagger of venom
 B - the +4 short sword "Sagyossa" {drain, *Slow rF+ Int+4}
   (You found it on level 6 of the Dungeon)

   A truly terrible weapon, it drains the life of those it strikes.
   It affects your intelligence (+4).
   It protects you from fire.
   It may slow you when you take damage.
 R - the +5 falchion of the Glowing Saviour {flame, +Rage rPois rN+}
   (You found it on level 2 of the Lair of Beasts)

   It has been specially enchanted to burn those struck by it, causing extra
   injury to most foes and up to half again as much damage against particularly
   susceptible opponents.
   Big, fiery blades are also staple armaments of hydra-hunters.
   It protects you from poison.
   It protects you from negative energy.
   It lets you go berserk.
 S - the +11 plutonium sword {*Contam Stlth-}
   (You found it on level 2 of the Lair of Beasts)

   It causes magical contamination when unequipped.
   It makes you less stealthy.
Missiles
 j - 40 poisoned darts (quivered)
 y - 2 throwing nets
 D - 5 boomerangs
 Q - 3 datura-tipped darts
 U - 2 atropa-tipped darts
Armour
 f - the +2 robe "Akhuadem" (worn) {rF- Str+3 Int+5 SInv}
   (You found it on level 4 of the Dungeon)

   It affects your strength (+3).
   It affects your intelligence (+5).
   It makes you vulnerable to fire.
   It lets you see invisible.
 v - a +2 pair of gloves (worn)
 H - +1 acid dragon scales
Magical Staves
 b - an uncursed staff of conjuration (weapon)
Jewellery
 h - an uncursed ring of wizardry
 n - a ring of protection from magic (right hand)
 x - a ring of protection from fire (left hand)
Wands
 d - a wand of clouds (9)
 m - a wand of enslavement (6)
 r - a wand of iceblast (20)
 w - a wand of polymorph (9)
 I - a wand of flame (22)
 L - a wand of acid (25)
Scrolls
 k - a scroll of fear
 l - a scroll of immolation {unknown}
 p - 13 scrolls of remove curse
 q - 2 scrolls of enchant armour
 s - 4 scrolls of teleportation {unknown}
 z - a scroll of brand weapon {unknown}
 A - a scroll of holy word {unknown}
 E - 3 scrolls of magic mapping
 G - a scroll of summoning {unknown}
 K - a scroll of torment {unknown}
 O - 3 scrolls of identify
 P - a scroll of amnesia {unknown}
 T - a scroll of enchant weapon
 V - a scroll of blinking
Potions
 e - 3 potions of lignification
 g - a potion of ambrosia
 i - a potion of invisibility
 o - 4 potions of flight
 t - 2 potions of stabbing {unknown}
 u - 2 potions of heal wounds
 C - 2 potions of might
 F - 4 potions of curing
 J - a potion of magic
 M - a potion of haste
 N - a potion of brilliance
Comestibles
 c - 33 rations


   Skills:
 + Level 2.4 Fighting
 + Level 2.0 Armour
 + Level 2.8 Dodging
 - Level 3.0 Stealth
 + Level 12.1 Spellcasting
 + Level 16.3 Conjurations
 - Level 3.0 Hexes
 - Level 4.0 Translocations
 + Level 2.5 Evocations


You had 24 spell levels left.
You knew the following spells:

 Your Spells              Type           Power        Failure   Level  Hunger
a - Magic Dart            Conj           ####         0%          1    None
b - Searing Ray           Conj           ######       0%          2    None
c - Fulminant Prism       Conj/Hex       #######...   1%          4    None
d - Iskenderun's Mystic   Conj/Tloc      #######.     1%          4    None
e - Apportation           Tloc           #####.       1%          1    None

Your spell library contained the following spells:

 Spells                   Type           Power        Failure   Level  Hunger
 Hailstorm                Conj/Ice       ######..     1%          4    None
 Shock                    Conj/Air       ####         1%          1    None
 Dazzling Flash           Conj/Hex       ######       1%          3    None
 Static Discharge         Conj/Air       ######..     1%          3    None
 Lightning Bolt           Conj/Air       ######....   1%          5    ###....
 Lesser Beckoning         Tloc           #####.....   2%          3    None
 Summon Butterflies       Summ           ###.....     3%          1    None
 Tukima's Dance           Hex            ####....     3%          3    None
 Swiftness                Chrm/Air       ###.....     5%          2    None
 Airstrike                Air            ###.......   11%         4    None
 Alistair's Intoxication  Tmut/Pois      ###.....     71%         5    ###....
 Invisibility             Hex            ####....     86%         6    #####..


Dungeon Overview and Level Annotations

Branches:
Dungeon (10/15)            Temple (1/1) D:6            Lair (4/6) D:9
  Swamp (0/4) Lair:3        Snake (0/4) Lair:3          Orc (0/2) D:9
Volcano (visited)

Altars:
Ashenzari
Cheibriados
Dithmenos
Elyvilon
Fedhas
Gozag
Hepliaklqana
Makhleb
Okawaru
Qazlal
Ru
Sif Muna
Trog
Uskayaw
Vehumet
Wu Jian
Xom

Shops:
D:8 :   D:10 ?

Annotations:
D:6 1 runed translucent door, Dirian's ghost, novice MiFi
D:10 2 runed translucent doors, Enish's ghost, journeyman MiBe


Innate Abilities, Weirdness & Mutations

You cannot wear boots.
Your serpentine skin is tough. (AC +4)
You have supernaturally acute eyesight. (SInv)
Armour fits poorly on your strangely shaped body.
Your system is resistant to poisons. (rPois)
You cover ground very slowly.
You have a slow metabolism.
You can spit poison.
You can use your snake-like lower body to constrict enemies.


Message History

The death yak is almost dead.
The death yak gores you!!
Casting: Searing Ray (safe; 0% risk of failure)
Confirm with . or Enter, or press ? or * to list all spells.
Okay, then.
The searing ray hits the death yak.
The death yak is almost dead.
You finish channeling your searing ray.
The death yak gores you!!
* * * LOW HITPOINT WARNING * * *
Casting: Searing Ray (safe; 0% risk of failure)
Confirm with . or Enter, or press ? or * to list all spells.
You feel a surge of power!
You erupt in a blast of force!
The mystic blast hits the fungus!!
You destroy the fungus!
The mystic blast hits the fungus!
You destroy the fungus!
The mystic blast hits the death yak but does no damage.
The death yak is almost dead.
The death yak gores you!
You die...

#..†P#### ##...## #.#..###
##...P.P# #.### ##..## #.P...##
### ###.## ###....# #....#
##.÷.###### ###P..###
###..##.#.####### ##.#P....##
#............##P###.#.......##
#?............#..##..#.#......
#....#.......Y@...#..#######)..
.^.............#.....## #P...
.....##.........##.....## #####
.#### ##........###...#.# #
##.......# #...### ##.....P#
##..# #.....P####.## #....##
#.P<## #P...###


You could see a death yak.

Vanquished Creatures
  A red draconian (Volcano)
  5 hydras
  4 two-headed ogres
  An ogre mage (Volcano)
  7 death yaks
  An obsidian statue (Volcano)
  A lindwurm (Lair:3)
  4 black mambas
  8 spiny frogs
  A rime drake (Lair:2)
  Maggie (D:9)
  4 komodo dragons
  A polar bear (Lair:2)
  Grinder (D:4)
  5 hippogriffs
  3 blink frogs (Lair:3)
  2 wyverns
  3 basilisks
  7 fire bats (Volcano)
  A steam dragon (D:10)
  2 hungry ghosts (D:9)
  11 yaks
  A two-headed ogre zombie (D:9)
  9 water moccasins
  A sky beast (D:6)
  8 porcupines
  3 orc warriors
  A black bear (D:7)
  An ice beast (D:5)
  A phantom (D:9)
  4 ogres
  4 wolves (Lair:1)
  4 centaurs
  5 crocodiles
  A big kobold (D:9)
  14 bullfrogs
  A troll zombie (D:9)
  2 scorpions
  6 killer bees
  5 wights (D:9)
  5 howler monkeys (D:8)
  9 crimson imps
  A centaur zombie (D:6)
  4 lava snakes (Volcano)
  A quasit (D:7)
  2 bullfrog zombies (D:10)
  4 jellies
  A bullfrog skeleton (D:8)
  8 orc priests
  6 orc wizards
  5 hounds
  Jessica (D:2)
  5 iguanas
  Ijyb (D:3)
  6 worker ants
  A killer bee zombie (D:7)
  6 ogre zombies (D:9)
  2 worker ant zombies
  3 gnolls (D:6)
  25 adders
  2 shadow imps
  An ooze (D:2)
  2 adder skeletons (D:6)
  2 worms (D:2)
  4 dart slugs
  5 leopard geckos
  22 orcs
  2 giant cockroaches
  10 goblins
  8 hobgoblins
  24 jackals
  15 kobolds
  4 quokkas
  3 ball pythons
  13 bats
  9 frilled lizards
  A giant cockroach zombie (D:5)
  A goblin skeleton (D:9)
  3 goblin zombies (D:9)
  2 hobgoblin skeletons (D:9)
  A hobgoblin zombie (D:9)
  3 leopard gecko skeletons
  18 orc zombies (D:9)
  6 rats
  4 fungi
406 creatures vanquished.

Vanquished Creatures (collateral kills)
  A water moccasin (Lair:3)
1 creature vanquished.

Vanquished Creatures (others)
  37 fulminant prisms
  4 fungi
  A plant (Lair:3)
42 creatures vanquished.

Grand Total: 449 creatures vanquished

Notes
Turn   | Place    | Note
-------+----------+-------------------------------------------
     0 | D:1      | mopl the Naga Conjurer began the quest for the Orb.
     0 | D:1      | Reached XP level 1. HP: 15/15 MP: 3/3
   244 | D:1      | Reached XP level 2. HP: 19/22 MP: 1/5
   281 | D:1      | Learned a level 2 spell: Searing Ray
   822 | D:1      | Reached XP level 3. HP: 25/28 MP: 4/6
  1141 | D:2      | Noticed Jessica
  1277 | D:2      | Killed Jessica
  1277 | D:2      | Reached XP level 4. HP: 36/36 MP: 5/8
  1285 | D:2      | Learned a level 4 spell: Fulminant Prism
  1417 | D:2      | Reached skill level 5 in Conjurations
  1624 | D:2      | Reached XP level 5. HP: 38/42 MP: 10/10
  2264 | D:3      | Reached skill level 1 in Hexes
  2450 | D:3      | Found a shattered altar of Ashenzari.
  2617 | D:3      | Noticed Ijyb
  2656 | D:3      | Killed Ijyb
  2656 | D:3      | Reached XP level 6. HP: 28/49 MP: 0/12
  2750 | D:3      | Learned a level 4 spell: Iskenderun's Mystic Blast
  3037 | D:3      | Found a shimmering blue altar of Sif Muna.
  3125 | D:4      | Got a creamy pearl robe
  3148 | D:4      | Identified the +2 robe "Akhuadem" {rF- Str+3 Int+5 SInv}
                  | (You found it on level 4 of the Dungeon)
  3183 | D:4      | Noticed Grinder
  3195 | D:4      | Killed Grinder
  3195 | D:4      | Reached skill level 6 in Conjurations
  3195 | D:4      | Reached skill level 1 in Translocations
  3195 | D:4      | Reached XP level 7. HP: 55/55 MP: 1/13
  3427 | D:4      | Noticed an air elemental
  3428 | D:4      | Found a stormy altar of Qazlal.
  3431 | D:4      | Noticed a fire elemental
  3431 | D:4      | Noticed a water elemental
  3667 | D:5      | Entered Level 5 of the Dungeon
  3878 | D:5      | Found an iron altar of Okawaru.
  3889 | D:5      | Found a hide-covered altar of Uskayaw.
  3889 | D:5      | Found a hazy altar of Hepliaklqana.
  3903 | D:5      | Reached skill level 5 in Spellcasting
  3904 | D:5      | Found a sacrificial altar of Ru.
  4062 | D:5      | You fall into a shaft and drop 3 floors!
  4063 | D:8      | Noticed a hippogriff
  4070 | D:8      | Killed a hippogriff
  4070 | D:8      | Reached XP level 8. HP: 47/62 MP: 3/16
  4131 | D:8      | Reached skill level 7 in Conjurations
  4502 | D:8      | Found Wucseu's Book Boutique.
  4707 | D:8      | Noticed a two-headed ogre
  4714 | D:8      | Killed a two-headed ogre
  4714 | D:8      | Reached skill level 8 in Conjurations
  4714 | D:8      | Reached XP level 9. HP: 42/68 MP: 10/19
  5339 | D:7      | Reached skill level 9 in Conjurations
  6515 | D:6      | HP: 1/68 [orc warrior/+0 mace (21)]
  6520 | D:6      | Reached skill level 10 in Conjurations
  6578 | D:6      | Reached XP level 10. HP: 35/75 MP: 10/22
  7030 | D:6      | Found a staircase to the Ecumenical Temple.
  7061 | Temple   | Entered the Ecumenical Temple
  7116 | Temple   | Became a worshipper of Vehumet
  7204 | D:6      | Found a runed translucent door.
  7204 | D:6      | Noticed Dirian's ghost (novice MiFi)
  7389 | D:6      | Got a dazzling short sword
  7390 | D:6      | Identified the +4 short sword "Sagyossa" {drain, *Slow rF+
                  | Int+4} (You found it on level 6 of the Dungeon)
  8771 | D:8      | Reached * piety under Vehumet
  8771 | D:8      | Offered knowledge of Freeze by Vehumet.
  8853 | D:8      | Reached skill level 11 in Conjurations
  9286 | D:9      | Found a burning altar of Makhleb.
  9312 | D:9      | Learned a level 1 spell: Apportation
  9312 | D:9      | Found a staircase to the Lair.
  9776 | D:9      | Noticed Maggie
  9789 | D:9      | Killed Maggie
  9997 | D:9      | Found a staircase to the Orcish Mines.
 10289 | D:9      | Offered knowledge of Foxfire by Vehumet.
 10293 | D:9      | Reached ** piety under Vehumet
 10348 | D:9      | Reached skill level 12 in Conjurations
 10467 | D:10     | Entered Level 10 of the Dungeon
 10552 | D:10     | Found a large runed translucent door.
 10552 | D:10     | Found a large runed translucent door.
 10552 | D:10     | Noticed Enish's ghost (journeyman MiBe)
 10589 | D:10     | Offered knowledge of Frozen Ramparts by Vehumet.
 10589 | D:10     | Reached XP level 11. HP: 81/81 MP: 20/24
 10679 | D:10     | Found Debi's Magic Scroll Shoppe.
 10687 | D:10     | Bought a scroll of random uselessness for 14 gold pieces
 10687 | D:10     | Bought a scroll of blinking for 105 gold pieces
 10687 | D:10     | Bought a scroll of noise for 14 gold pieces
 10687 | D:10     | Bought a scroll of fear for 49 gold pieces
 10687 | D:10     | Bought a scroll of enchant weapon for 105 gold pieces
 10687 | D:10     | Bought a scroll of identify for 28 gold pieces
 11360 | Lair:1   | Entered Level 1 of the Lair of Beasts
 11819 | Lair:1   | Noticed an eight-headed hydra
 11846 | Lair:1   | Killed an eight-headed hydra
 11846 | Lair:1   | Reached skill level 10 in Spellcasting
 11846 | Lair:1   | Reached skill level 13 in Conjurations
 11950 | Lair:1   | Reached *** piety under Vehumet
 13208 | Lair:2   | Reached skill level 14 in Conjurations
 13577 | Lair:2   | Reached XP level 12. HP: 88/88 MP: 21/26
 13580 | Lair:2   | Offered knowledge of Inner Flame by Vehumet.
 13629 | Lair:2   | Found the +11 plutonium sword {*Contam Stlth-}
 14105 | Lair:2   | Got a pitted falchion
 14107 | Lair:2   | Identified the +5 falchion of the Glowing Saviour {flame,
                  | +Rage rPois rN+} (You found it on level 2 of the Lair of
                  | Beasts)
 14136 | Lair:3   | Noticed a death yak
 14137 | Lair:3   | Noticed a death yak
 14143 | Lair:3   | Noticed a death yak
 14206 | Lair:3   | Noticed a five-headed hydra
 14278 | Lair:3   | Killed a death yak
 14281 | Lair:3   | Killed a death yak
 14282 | Lair:3   | Killed a death yak
 14328 | Lair:3   | Reached **** piety under Vehumet
 14381 | Lair:3   | Found a dark tunnel.
 14396 | Volcano  | Entered a volcano
 14604 | Volcano  | Reached skill level 15 in Conjurations
 14619 | Volcano  | Offered knowledge of Hailstorm by Vehumet.
 14716 | Volcano  | Noticed a two-headed ogre
 14716 | Volcano  | Noticed a red draconian
 14718 | Volcano  | Noticed a two-headed ogre
 14718 | Volcano  | Noticed a two-headed ogre
 14724 | Volcano  | Killed a two-headed ogre
 14731 | Volcano  | Killed a two-headed ogre
 14731 | Volcano  | Killed a two-headed ogre
 14733 | Volcano  | Killed a red draconian
 14737 | Volcano  | Found a bloodstained altar of Trog.
 14747 | Volcano  | Noticed an ogre mage
 14753 | Volcano  | Killed an ogre mage
 15087 | Lair:3   | Gained mutation: You can use your snake-like lower body to
                  | constrict enemies. [Naga growth]
 15087 | Lair:3   | Reached XP level 13. HP: 81/94 MP: 20/28
 15125 | Lair:3   | Found a staircase to the Snake Pit.
 15188 | Lair:3   | Reached skill level 16 in Conjurations
 15243 | Lair:3   | Reached skill level 1 in Evocations
 15375 | Lair:3   | Reached skill level 1 in Fighting
 15436 | Lair:3   | Reached skill level 1 in Armour
 15784 | Lair:3   | Found a staircase to the Swamp.
 16952 | Lair:4   | Slain by a death yak

Illustrated notes

Levels and vault maps discovered:
D:1:      psy_arrival_dodecagon, layout_loops_cross
D:2:      minmay_chambers_of_twos, layout_basic, first_ration, minmay_tall_x,
          uniq_jessica
D:3:      layout_loops_ring, cheibrodos_ashenzari_chains, led_sif_pool,
          uniq_ijyb
D:4:      layout_rooms, nicolae_qazlal_style_of_elements, uniq_grinder
D:5:      layout_gridville, nicolae_overflow_quartered_altars, minivault_1
D:6:      layout_basic, minmay_temple_entry_purple_smoke,
          ebering_ghost_reflecting_pool
D:7:      layout_layer_cave
D:8:      layout_rooms, serial_shops, shop
D:9:      layout_irregular_city, lemuel_crystal_altar, lair_entry_dummy,
          zombieorc2_lemuel, kennysheep_decorative_pillar, blue_anna_alchemist
          [blue_anna_fruit_fields, blue_anna_fruit_fields], uniq_maggie
D:10:     layout_stronghold, serial_shops, shop_scrolls,
          ebering_ghost_disaster_area, hangedman_corner_corridor
Temple:   eino_temple_scatter_basement
Lair:1:   layout_gridlike
Lair:2:   layout_gridlike, columned_hall_lemuel, lemuel_fruit_tree
Lair:3:   layout_hall_layers, palyth_hydra_swamp_entry,
          minmay_snake_entry_six_corridors, nicolae_volcano_entry_vermiform,
          chequers_serial_rivers_large_a, beast_lair_carwin_11
Lair:4:   layout_cave_pods

Skill      XL: |  1  2  3  4  5  6  7  8  9 10 11 12 13 |
---------------+----------------------------------------+-----
Spellcasting   | 3 4 5 7 8 9 10 11 12 | 12.1
Conjurations   | 5 6 8 10 12 14 15 16 | 16.3
Hexes          | 1 2 3 |  3.0
Translocations | 1 2 4 |  4.0
Evocations     | 2 |  2.5
Fighting       | 2 |  2.4
Dodging        | 2 |  2.8
Armour         | 2 |  2.0
Stealth        | |  3.0

Action                   |  1- 3 |  4- 6 |  7- 9 | 10-12 | 13-15 || total
-------------------------+-------+-------+-------+-------+-------++-------
Melee: Unarmed           |    13 |       |       |       |       ||    13
       Dagger            |    17 |    99 |   114 |    46 |       ||   276
       Short sword       |       |       |       |    95 |       ||    95
       Staff             |       |       |       |     9 |     7 ||    16
       Constrict         |       |       |       |       |     2 ||     2
Throw: Dart              |       |     1 |     3 |       |       ||     4
 Cast: Magic Dart        |    17 |    40 |    29 |    45 |     3 ||   134
       Searing Ray       |     5 |    13 |    42 |   142 |    28 ||   230
       Fulminant Prism   |       |       |     1 |    21 |    16 ||    38
       Iskenderun's Myst |       |       |     1 |    13 |     6 ||    20
 Abil: Spit Poison       |     7 |     4 |     3 |     1 |       ||    15
Evoke: Wand              |       |       |     1 |    11 |       ||    12
  Use: Scroll            |       |     3 |     1 |    10 |       ||    14
       Potion            |       |       |     5 |     4 |       ||     9
 Stab: Sleeping          |     7 |     1 |     4 |       |       ||    12
  Eat: Chunk             |     1 |     6 |     9 |    18 |     1 ||    35
       Ration            |       |       |       |     1 |     1 ||     2
Armor: Robe              |     5 |    36 |    49 |    93 |     9 ||   192
       Acid dragon scale |       |       |       |    14 |     1 ||    15
Dodge: Dodged            |    15 |    87 |    86 |   185 |    35 ||   408
